 Dungeon Crawl Stone Soup version 0.31-a0-365-gcf821cafb2 (webtiles) character file.

Game seed: 3034640476456039923

60 IdlyInterested the Trooper (level 3, -3/29 HPs)
             Began as a Demonspawn Gladiator on July 27, 2023.
             Slain by a sleepcap (5 damage)
             ... on level 3 of the Dungeon.
             The game lasted 00:03:48 (1381 turns).

IdlyInterested the Trooper (Demonspawn Gladiator)   Turns: 1381, Time: 00:03:48

Health: -3/29      AC:  3    Str: 14    XL:     3   Next: 80%
Magic:  3/3        EV: 12    Int:  9    God:
Gold:   195        SH:  0    Dex: 16    Spells: 2/2 levels left

rFire   . . .        p - +4 dagger (venom)
rCold   + . .        (no shield)
rNeg    . . .        b - +0 leather armour
rPois   .            (helmet restricted)
rElec   .            (no cloak)
rCorr   +            (no gloves)
SInv    .            (no boots)
Will    .....        (no amulet)
Stlth   +            f - ring of resist corrosion
HPRegen 0.24/turn    k - ring of protection from cold
MPRegen 0.08/turn

%: no passive effects
@: no status effects
A: antennae 1, demonic guardian 1
a: no special abilities


You were on level 3 of the Dungeon.
You visited 1 branch of the dungeon, and saw 3 of its levels.

You collected 195 gold pieces.

Inventory:

Hand Weapons
 a - a +0 rapier
 p - a +4 dagger of venom (weapon)
Missiles
 d - 3 throwing nets
 e - 7 javelins
 i - 7 stones (quivered)
Armour
 b - a +0 leather armour (worn)
Jewellery
 f - a ring of resist corrosion (left hand)
 j - a +5 ring of evasion
 k - a ring of protection from cold (right hand)
Scrolls
 c - a scroll of vulnerability {unknown}
 g - a scroll of amnesia {unknown}
 h - a scroll of teleportation {unknown}
 m - a scroll of summoning {unknown}
 q - a scroll of enchant armour {unknown}
Potions
 l - a potion of lignification
 n - a potion of might
 o - a potion of curing {unknown}


   Skills:
 * Level 3.1 Fighting
 + Level 3.1 Short Blades
 - Level 1.7 Throwing
 * Level 1.2 Armour
 - Level 3.0 Dodging


You had 2 spell levels left.
You didn't know any spells.
Your spell library was empty.

Dungeon Overview and Level Annotations

Branches:
Dungeon (3/15)

Altars:


Innate Abilities, Weirdness & Mutations

You have a pair of small antennae on your head.
A weak demonic guardian rushes to your aid.


Message History

The giant cockroach is moderately wounded.
The giant cockroach bites you.
You hit the giant cockroach.
The giant cockroach is heavily wounded.
The giant cockroach barely misses you.
You barely miss the giant cockroach.
The giant cockroach is heavily wounded.
The giant cockroach closely misses you.
You hit the giant cockroach.
The giant cockroach is poisoned.
The giant cockroach is severely wounded.
You kill the giant cockroach!
HP restored.
A sleepcap comes into view.
The sleepcap completely misses you.
You hit the sleepcap but do no damage. The sleepcap releases spores at you!
You are engulfed in a cloud of soporific spores!
You fall asleep.
The sleepcap releases spores at you!
You wake up.
A demonic guardian appears!
You hit the sleepcap.
The sleepcap is lightly damaged.
The sleepcap barely misses you.
You hit the sleepcap.
The sleepcap is lightly damaged.
You hit the sleepcap.
The sleepcap is lightly damaged.
The sleepcap releases spores at you. The sleepcap barely misses you.
You hit the sleepcap.
The sleepcap is moderately damaged.
The sleepcap releases spores at you!
* * * LOW HITPOINT WARNING * * *
Your white imp completely misses the sleepcap.
You completely miss the sleepcap.
The sleepcap is moderately damaged.
The sleepcap closely misses you.
Your white imp hits the sleepcap.
Your white imp freezes the sleepcap.
You hit the sleepcap.
The sleepcap is heavily damaged.
The sleepcap releases spores at you.
You die...

.#.)#....#
.#..#....# .#
.#..#.#.## ..
.#..#.#.# .#
.#.)#.#.# .. #.
.####.#.. #.
##... .. #.
##...# #.#...#
#.@f# ##5##{
#..# # ##.## .#
#..# #...
##.####...# ##
#..#...###...
##...###....#.#
#.###....###.#


You could see a sleepcap (ally target) and a friendly white imp (summoned).

Vanquished Creatures
  2 adders
  A dart slug (D:1)
  2 endoplasms (D:1)
  4 giant cockroaches
  5 goblins
  2 hobgoblins (D:2)
  3 jackals (D:2)
  A quokka (D:1)
  3 ball pythons
  7 bats
  3 frilled lizards
  3 kobolds
  3 rats
39 creatures vanquished.

Notes
Turn   | Place    | Note
-------+----------+-------------------------------------------
     0 | D:1      | IdlyInterested the Demonspawn Gladiator began the quest for
                  | the Orb.
     0 | D:1      | Reached XP level 1. HP: 16/16 MP: 1/1
   286 | D:1      | Discovered your monstrous ancestry.
   286 | D:1      | Gained mutation: You have a pair of small antennae on your
                  | head. [demonic ancestry]
   286 | D:1      | Reached XP level 2. HP: 20/23 MP: 2/2
   843 | D:2      | Gained mutation: A weak demonic guardian rushes to your
                  | aid. [demonic ancestry]
   843 | D:2      | Reached XP level 3. HP: 28/28 MP: 3/3
  1044 | D:2      | Reached skill level 1 in Armour
  1381 | D:3      | Slain by a sleepcap

Illustrated notes

Levels and vault maps discovered:
D:1:      lightli_molten_gateway, layout_rooms
D:2:      layout_basic
D:3:      minmay_skewed_foursquare, layout_basic, lemuel_tele_altar,
          serial_shops, nicolae_shop_just_a_little_nook,
          nicolae_shop_back_alley_shop, nicolae_shop_hallway_plus,
          kennysheep_generic_room_6

Skill      XL: |  1  2  3 |
---------------+----------+-----
Dodging        | 3 |  3.0
Short Blades   | 3 |  3.1
Armour         | 1 |  1.2
Fighting       | 3 |  3.1
Throwing       | |  1.7

Action                     || total
---------------------------++-------
  Melee: Rapier            ||    85
         Dagger            ||    21
    Use: Scroll            ||     2
   Stab: Sleeping          ||     1
 Armour: Leather armour    ||    28
  Dodge: Dodged            ||    71

Table legend: (Time is in decaauts)
 A = Elapsed time spent in this place.
 B = Non-inter-level travel time spent in this place.
 C = Inter-level travel time spent in this place.
 D = Time resting spent in this place.
 E = Time spent auto-exploring this place.
 F = Levels seen in this place.
 G = Mean time per level.
                   A        B        C        D        E       F      G
               +--------+--------+--------+--------+--------+-----+--------+
         Total |   1382 |   1148 |    234 |     78 |    662 |   3 |  460.7 |
       Dungeon |   1382 |   1148 |    234 |     78 |    662 |   3 |  460.7 |
               +--------+--------+--------+--------+--------+-----+--------+

Top non-repeatable levels by time:
     D:1: 653 daAuts
     D:2: 606 daAuts
     D:3: 122 daAuts
